 Dungeon Crawl Stone Soup version 0.26.0-10-g1f06aea511 (webtiles) character file.

Game seed: 5209368783755589851

185 lastplaneout the Cudgeller (level 5, -10/36 HPs)
             Began as an Octopode Chaos Knight on Jan 13, 2021.
             Was a Plaything of Xom.
             Mangled by an ogre
             ... wielding a +0 giant spiked club
              (24 damage)
             ... on level 3 of the Dungeon.
             The game lasted 00:05:10 (2275 turns).

lastplaneout the Cudgeller (Octopode Chaos Knight)  Turns: 2275, Time: 00:05:11

Health: -10/36     AC:  1    Str: 12    XL:     5   Next: 64%
Magic:  5/5        EV: 13    Int: 14    God:    Xom [..*...]
Gold:   100        SH:  0    Dex: 12    Spells: 4/4 levels left

rFire    . . .     SeeInvis .   a - +0 mace (chaos)
rCold    . . .     Faith    .   (no shield)
rNeg     . . .     Spirit   .   (helmet restricted)
rPois    .         Reflect  .   (no amulet)
rElec    .         Harm     .   j - ring of resist corrosion
rCorr    +         Rampage  .   (no ring)
Will     .....                  (no ring)
Stlth    ++........             (no ring)
HPRegen  0.12/turn              (no ring)
MPRegen  0.09/turn              (no ring)
                                (no ring)
                                (no ring)

@: no status effects
A: almost no armour, stealthy swim, amphibious, 8 rings, constrict 8, camouflage
1, gelatinous body 1
a: Renounce Religion


You were on level 3 of the Dungeon.
You worshipped Xom.
You were a toy of Xom.
You visited 1 branch of the dungeon, and saw 3 of its levels.

You collected 100 gold pieces.

Inventory:

Hand Weapons
 a - a +0 mace of chaos (weapon)
Jewellery
 j - a ring of resist corrosion (left tentacle)
Scrolls
 c - a scroll of enchant weapon {unknown}
 e - 4 scrolls of remove curse {unknown}
 f - 2 scrolls of immolation {unknown}
 g - 3 scrolls of identify {unknown}
 h - a scroll of fog {unknown}
 l - a scroll of teleportation {unknown}
Potions
 b - a potion of ambrosia {unknown}
 d - a potion of lignification
 i - a potion of haste {unknown}
 k - a potion of flight
 m - a potion of brilliance {unknown}


   Skills:
 - Level 3.0 Fighting
 + Level 6.1 Maces & Flails
 - Level 2.3 Dodging


You had 4 spell levels left.
You didn't know any spells.
Your spell library was empty.

Dungeon Overview and Level Annotations

Branches:
Dungeon (3/15)

Altars:


Innate Abilities, Weirdness & Mutations

You cannot wear most types of armour.
You are very stealthy in the water. (Stealth+)
You are amphibious.
You can wear up to eight rings at the same time.
You can use your tentacles to constrict eight enemies at once.
Your skin changes colour to match your surroundings (Stealth+).
Your rubbery body absorbs attacks. (AC +1, EV +1)


Message History

You climb upwards.
There is a stone staircase leading down here.
You hit the goblin. You burn the goblin.
You kill the goblin!
Things that are here:
a +0 club; a goblin corpse
There is a stone staircase leading down here.
You start resting.
HP restored.
You climb downwards.
The ogre hits you with a +0 giant spiked club!!
Ouch! That really hurt!
A shower of butterflies erupts from you!
There is a stone staircase leading up, spattered with blood here.
You hit the ogre. You burn the ogre. Your squeeze misses the ogre.
The ogre is lightly wounded.
The ogre hits you with a +0 giant spiked club!!
Ouch! That really hurt!
You die...
Xom chuckles heartily!

###.##........
##...##........
#..............
#..............
#..............
#........######
#.......b+
#...b.O..#.#
##+#..b@b..#
###b..### #...#
...b# ###..#
#..# #..# ...#


You could see an ogre.

Vanquished Creatures
  An ogre (D:2)
  5 adders (D:2)
  2 worms (D:2)
  A dart slug (D:2)
  A leopard gecko (D:2)
  7 bats
  3 giant cockroaches (D:1)
  7 goblins
  3 hobgoblins (D:2)
  3 jackals (D:1)
  A ball python (D:1)
  3 frilled lizards (D:2)
  9 kobolds
  5 rats
51 creatures vanquished.

Notes
Turn   | Place    | Note
-------+----------+-------------------------------------------
     0 | D:1      | lastplaneout the Octopode Chaos Knight began the quest for
                  | the Orb.
     0 | D:1      | Reached XP level 1. HP: 16/16 MP: 1/1
    88 | D:1      | HP: 1/24 [jackal (1)]
   103 | D:1      | Reached XP level 2. HP: 21/21 MP: 2/2
   322 | D:1      | XOM: silly message
   338 | D:1      | XOM: silly message
   484 | D:1      | Reached skill level 4 in Maces & Flails
   564 | D:1      | XOM: silly message
   707 | D:2      | Reached XP level 3. HP: 22/26 MP: 3/3
   912 | D:2      | XOM: divination: detect items
  1077 | D:2      | XOM: noise
  1106 | D:2      | XOM: noise
  1271 | D:2      | XOM: silly message
  1273 | D:2      | Reached XP level 4. HP: 31/31 MP: 4/4
  1368 | D:2      | Reached skill level 5 in Maces & Flails
  1573 | D:2      | XOM: noise
  1777 | D:2      | Noticed an ogre
  1796 | D:2      | XOM: silly message
  2075 | D:2      | XOM: divination: detect items
  2078 | D:2      | XOM: confuse monster(s)
  2084 | D:2      | Killed an ogre
  2085 | D:2      | Reached skill level 6 in Maces & Flails
  2085 | D:2      | Reached XP level 5. HP: 36/36 MP: 5/5
  2231 | D:3      | Noticed an ogre
  2237 | D:3      | XOM: enchant monster (good)
  2274 | D:3      | XOM: butterfly on damage
  2275 | D:3      | Mangled by an ogre

Illustrated notes

Levels and vault maps discovered:
D:1:      lemuel_arrival_broad_hall, layout_loops_ring, minmay_statues_item
D:2:      layout_loops_cross, serial_glass, glass_columns_c, glass_columns_a,
          minmay_3d_cube
D:3:      layout_basic

Skill      XL: |  1  2  3  4 |
---------------+-------------+-----
Maces & Flails | 4 6 |  6.1
Fighting       | |  3.0
Dodging        | |  2.3

Action                   |  1- 3 |  4- 6 || total
-------------------------+-------+-------++-------
Melee: Mace              |    81 |    33 ||   114
       Constrict         |    14 |     6 ||    20
       Tentacles         |     8 |     7 ||    15
  Use: Potion            |     3 |       ||     3
 Stab: Sleeping          |     1 |     1 ||     2
       Paralysed         |     1 |       ||     1
       Confused          |       |     1 ||     1
Armor: Skin              |    22 |     1 ||    23
Dodge: Dodged            |    73 |    20 ||    93
